 Dungeon Crawl Stone Soup version 0.26-a0-1181-gd376ed14c5 (webtiles) character file.

Game seed: 13799647434380734465

326234 Marmelada05 the Imperceptible (level 22, -6/216 HPs)
             Began as a Naga Wanderer on Dec 25, 2020.
             Was an Initiate of Gozag.
             Hit by a large rock thrown by a stone giant (30 damage)
             ... on level 4 of the Depths.
             The game lasted 02:50:07 (80374 turns).

Marmelada05 the Imperceptible (Naga Wanderer)      Turns: 80374, Time: 02:50:07

Health: -6/216     AC: 28    Str: 14    XL:     22   Next: 0%
Magic:  5/39       EV:  7    Int: 33    God:    Gozag
Gold:   14319      SH: 25    Dex:  9    Spells: 15/48 levels left

rFire    + + .     SeeInvis +   t - +3 dagger (elec)
rCold    + . .     Faith    .   e - +2 tower shield {rF+}
rNeg     . . .     Spirit   .   F - +2 robe {Will+}
rPois    +         Reflect  +   o - +2 helmet
rElec    .         Harm     .   D - +1 cloak {rPois}
rCorr    .         Rampage  .   Q - +0 pair of gloves
Will     ++++.                  E - +2 barding
Stlth    ++++++++..             s - amulet "Feda" {Reflect rF+ Will+ Int+2 SH+5}
HPRegen  0.46/turn              w - ring "Pojittyco" {rC+ AC+4}
MPRegen  0.26/turn              X - +6 ring of intelligence

@: gold aura, very slow
A: large, see invisible, deformed body, poison resistance, slowness 2, spit
poison 1, constrict 1, AC +7
}: 1/15 runes: decaying
a: Spit Poison, Renounce Religion, Potion Petition, Call Merchant, Bribe Branch


You were on level 4 of the Depths.
You worshipped Gozag.
Gozag was extremely pleased with you.
You visited 7 branches of the dungeon, and saw 38 of its levels.
You visited 1 bazaar.
You also visited: Bailey and Ice Cave.

You collected 19057 gold pieces.
You spent 3589 gold pieces at shops.
You paid 1149 gold pieces to Gozag.

Inventory:

Hand Weapons
 t - a +3 dagger of electrocution (weapon)
Missiles
 Z - 8 throwing nets
Armour
 e - a +2 tower shield of fire resistance (worn)
 o - a +2 helmet (worn)
 D - a +1 cloak of poison resistance (worn)
 E - a +2 barding (worn)
 F - a +2 robe of willpower (worn)
 Q - a +0 pair of gloves (worn)
Jewellery
 r - an uncursed amulet of magic regeneration
 s - the amulet "Feda" (around neck) {Reflect rF+ Will+ Int+2 SH+5}
   (You bought it in a shop on level 2 of the Orcish Mines)

   [amulet of reflection]

   It shields you and reflects attacks.
   It affects your intelligence (+2).
   It protects you from fire.
   It affects your willpower, your defense against some magical effects.
   It affects your SH (+5).
 w - the ring "Pojittyco" (left hand) {rC+ AC+4}
   (You bought it in a shop on level 2 of the Depths)

   [ring of protection]

   It affects your AC (+4).
   It protects you from cold.
 y - the ring of Gisenyta {rElec rPois rCorr}
   (You bought it in a shop on level 2 of the Depths)

   [ring of resist corrosion]

   It insulates you from electricity.
   It protects you from poison.
   It provides partial protection from all sources of acid and corrosion.
 M - an uncursed ring of protection from cold
 X - a +6 ring of intelligence (right hand)
 Y - an uncursed ring of wizardry
Wands
 p - a wand of acid (22)
 q - a wand of paralysis (10)
 C - a wand of iceblast (16)
 T - a wand of digging (3)
Scrolls
 c - 8 scrolls of teleportation
 h - 4 scrolls of blinking
 k - 20 scrolls of remove curse
 l - 3 scrolls of immolation
 n - 9 scrolls of enchant weapon
 A - 2 scrolls of summoning
 G - 2 scrolls of holy word
 H - 5 scrolls of enchant armour
 I - 12 scrolls of identify
 J - 5 scrolls of fear
 L - 3 scrolls of silence
 N - 6 scrolls of vulnerability
 P - 7 scrolls of amnesia
 R - 2 scrolls of fog
 S - 2 scrolls of brand weapon
 V - 4 scrolls of magic mapping
Potions
 b - 16 potions of curing
 d - 7 potions of might
 f - 9 potions of brilliance
 g - 3 potions of cancellation
 i - 13 potions of heal wounds
 j - 5 potions of resistance
 m - 3 potions of invisibility
 v - 3 potions of flight
 x - 3 potions of haste
 O - 6 potions of mutation
 U - a potion of berserk rage
 W - 4 potions of lignification
Miscellaneous
 a - a condenser vane
 u - a phantom mirror


   Skills:
 + Level 16.9 Fighting
 - Level 4.0 Short Blades
 - Level 1.7 Bows
 + Level 4.5 Armour
 + Level 24.6 Stealth
 - Level 15.0 Shields
 * Level 13.5 Spellcasting
 - Level 14.0 Conjurations
 - Level 10.0 Summonings
 - Level 3.0 Necromancy
 - Level 2.0 Translocations
 - Level 1.0 Ice Magic
 - Level 1.0 Air Magic
 - Level 8.0 Earth Magic
 - Level 2.0 Poison Magic


You had 15 spell levels left.
You knew the following spells:

 Your Spells              Type           Power        Failure   Level
a - Magic Dart            Conj           100%         0%          1
b - Borgnjor's Vile Clut  Necr/Erth      27%          6%          5
c - Mephitic Cloud        Conj/Pois/Air  56%          1%          3
d - Blink                 Tloc           N/A          1%          2
e - Orb of Destruction    Conj           43%          5%          7
f - Iron Shot             Conj/Erth      38%          3%          6
g - Spellforged Servitor  Conj/Summ      39%          12%         7
h - Call Imp              Summ           73%          1%          2

Your spell library contained the following spells:

 Spells                   Type           Power        Failure   Level
 Searing Ray              Conj           100%         0%          2
 Animate Skeleton         Necr           84%          1%          1
 Beastly Appendage        Tmut           44%          1%          1
 Corona                   Hex            24%          1%          1
 Foxfire                  Conj/Fire      100%         1%          1
 Freeze                   Ice            100%         1%          1
 Pain                     Necr           100%         1%          1
 Sting                    Tmut/Pois      100%         1%          1
 Poisonous Vapours        Pois/Air       64%          1%          2
 Conjure Flame            Conj/Fire      62%          1%          3
 Dazzling Flash           Conj/Hex       100%         1%          3
 Vampiric Draining        Necr           21%          1%          3
 Fulminant Prism          Conj/Hex       31%          1%          4
 Hailstorm                Conj/Ice       64%          1%          4
 Iskenderun's Mystic Bla  Conj/Tloc      66%          1%          4
 Sticky Flame             Conj/Fire      62%          1%          4
 Summon Ice Beast         Ice/Summ       55%          1%          4
 Iskenderun's Battlesphe  Conj           86%          1%          5
 Bolt of Magma            Conj/Fire/Erth 31%          2%          5
 Slow                     Hex            22%          3%          2
 Wereblood                Tmut           22%          3%          2
 Leda's Liquefaction      Hex/Erth       24%          3%          4
 Fireball                 Conj/Fire      31%          3%          5
 Frozen Ramparts          Ice            58%          4%          3
 Ignite Poison            Fire/Tmut/Pois 26%          4%          3
 Ozocubu's Armour         Ice            29%          4%          3
 Portal Projectile        Hex/Tloc       56%          4%          3
 Spider Form              Tmut/Pois      14%          4%          3
 Inner Flame              Hex/Fire       22%          6%          3
 Animate Dead             Necr           21%          6%          4
 Olgreb's Toxic Radiance  Pois           35%          9%          4
 Ice Form                 Ice/Tmut       25%          16%         4
 Agony                    Necr           42%          16%         5
 Cause Fear               Hex            11%          21%         4
 Freezing Cloud           Conj/Ice/Air   27%          34%         6
 Metabolic Englaciation   Hex/Ice        12%          41%         5
 Blade Hands              Tmut           11%          50%         5
 Statue Form              Tmut/Erth      32%          52%         6
 Death Channel            Necr           21%          65%         6
 Simulacrum               Ice/Necr       17%          80%         6
 Ozocubu's Refrigeration  Ice            14%          90%         6
 Shatter                  Erth           33%          100%        9


Dungeon Overview and Level Annotations

Branches:
Dungeon (15/15)            Temple (0/1) D:7            Lair (6/6) D:8
  Swamp (4/4) Lair:2       Spider (4/4) Lair:3        Slime (0/5) Lair:5
    Orc (2/2) D:11            Elf (3/3) Orc:2        Vaults (0/5) D:14
 Depths (4/5) D:15         Bailey (visited)           IceCv (visited)

Altars:
Dithmenos
Gozag
Hepliaklqana
Kikubaaqudgha
Makhleb
Okawaru
Qazlal
Wu Jian
Zin
Beogh

Shops:
D:8 !   D:13 =   Orc:2 ((*=   Elf:1 !:((:   Elf:3 ?   Depths:2 ==

Portals:
Hell: Depths:1 Depths:2 Depths:3
Abyss: Depths:4
Pandemonium: Depths:2 Depths:3

Annotations:
D:13 2 exclusions
Lair:3 exclusion: oklob plant
Lair:5 exclusion: 2 oklob plants
Lair:6 exclusions: 2 doors and oklob plant
Orc:1 1 runed translucent door, raph's ghost, journeyman MiBe
Elf:2 3 runed translucent doors
Depths:3 2 transporters


Innate Abilities, Weirdness & Mutations

You cannot wear boots.
Your serpentine skin is tough. (AC +7)
You have supernaturally acute eyesight. (SInv)
Armour fits poorly on your strangely shaped body.
Your system is resistant to poisons. (rPois)
You cover ground very slowly.
You can spit poison.
You can use your snake-like lower body to constrict enemies.


Message History

The bolt of fire hits you! You resist.
You hear a deafening roar!
You hear a shout!
Unknown command.
You hear a shout! x4
The lich casts a spell at you. The iron shot hits you!!!
* * * LOW HITPOINT WARNING * * *
The deep troll shaman bites you but does no damage.
You block the deep troll shaman's attack. x2
You hear a shout!
Blink to where?
Press: ? - help, Dir - move target, p - stone giant
As you read the scroll of blinking, it crumbles to dust.
The yaktaur captain wields a +0 arbalest.
The yaktaur captain shoots a bolt.
You reflect the bolt off an invisible shield around you!
The bolt hits the yaktaur captain!!
The stone giant throws a large rock.
The large rock hits you!!
You die...
Your body crumbles into a pile of gold.

#....#... #...>#...
##########....#...
#..#..........#...
.#..#..........'... ..
.#..#..........#...
.....#..#..........#...
#..##..#..........#...
##+#####..##@.###############
#................+.......<#⌠#
#................#........###
#..?.§##..##...######..##....
.#....T##..##...######..#..###
....^...C.c.(....))..)...#..#⌠#
###L#########(#####)))...#..###
# #.# #.....$$..#.)###'#....>
.. #$#.#####.#..#.........


You could see a stone giant and a yaktaur captain.

Vanquished Creatures
  Saint Roka (Elf:3)
  Nikola (Spider:2)
  Arachne (Spider:2)
  2 liches
  Rupert (Spider:1)
  3 deep elf master archers
  Asterion (Spider:3)
  3 deep elf blademasters
  The ghost of Noname the Fighter, an adept FoFi of Makhleb (Spider:1)
  4 thorn hunters
  3 tengu reavers
  8 deep elf sorcerers
  5 frost giants
  6 fire giants
  2 emperor scorpions
  5 deep elf elementalists
  10 stone giants
  3 very ugly things
  6 deep elf demonologists
  2 dire elephants (Lair:6)
  3 vampire knights
  A dire elephant (shapeshifter) (D:15)
  4 bunyips
  2 spark wasps (Spider:2)
  8 deep elf annihilators
  3 entropy weavers
  Snorg (Lair:5)
  5 deep elf death magi
  4 eleionomae
  7 ettins
  4 fire dragons
  2 yaktaur captains
  Josephine (Orc:2)
  3 deep elf high priests (Elf:3)
  3 ogre magi
  5 vault guards (D:14)
  4 great orbs of eyes
  A rakshasa (Depths:1)
  19 hydras
  4 boulder beetles
  4 ice dragons
  A catoblepas (Lair:6)
  A death knight (D:15)
  11 centaur warriors
  An anaconda (Lair:6)
  13 two-headed ogres
  2 spriggan air magi (Depths:2)
  20 alligators
  3 deep troll shamans
  7 death yaks
  3 deep troll earth magi
  3 spriggan berserkers
  2 tengu warriors (Depths:2)
  Urug (Lair:6)
  11 deep elf knights
  4 hell knights (Depths:4)
  Nergalle (Lair:3)
  A wizard (Depths:2)
  5 spriggan druids
  2 goliath frogs (Swamp:3)
  4 unseen horrors
  A large abomination (Elf:1)
  A flayed ghost (Depths:2)
  16 swamp dragons
  2 glowing orange brains
  A shadow demon (Depths:3)
  9 bog bodies
  10 deep elf archers
  A torturous demonspawn (Depths:3)
  3 deep trolls
  11 orb spiders
  A harpy (shapeshifter) (Elf:2)
  5 necromancers
  9 orc knights
  3 phantasmal warriors
  A wolf spider zombie (D:15)
  39 wolf spiders
  43 deep elf magi
  4 manticores (D:15)
  5 orc sorcerers
  A frost giant zombie (Depths:1)
  3 will-o-the-wisps
  2 fire giant zombies (Depths:1)
  2 moths of wrath
  A stone giant skeleton (Depths:1)
  7 ugly things
  A cyclops (shapeshifter) (D:15)
  8 elephants
  6 cyclopes
  5 black mambas
  2 salamanders (Depths:2)
  A rust devil (Depths:3)
  4 centaur zombies
  An ice statue (IceCv)
  Joseph (Lair:1)
  A smoke demon (Depths:2)
  3 torpor snails
  An eye of devastation (shapeshifter) (Depths:1)
  16 cane toads
  3 rime drakes
  2 efreet
  A kobold demonologist (D:15)
  2 gargoyles
  17 yaktaurs
  A freezing wraith (D:14)
  11 komodo dragons
  3 tengu conjurers
  10 demonic crawlers
  A red devil (Depths:2)
  An ice devil (Depths:3)
  43 jumping spiders
  20 polar bears
  10 tyrant leeches
  7 trolls
  2 nameless horrors
  A polar bear (shapeshifter) (D:15)
  9 hornets
  A dream sheep (shapeshifter) (Depths:2)
  15 slime creatures
  23 blink frogs
  5 spriggans
  A centaur simulacrum (D:15)
  56 redbacks
  8 water elementals
  46 yaks
  30 tarantellas
  2 air elementals
  7 wraiths
  3 shadows
  2 fire elementals (Elf:2)
  5 basilisks
  A hog (shapeshifter) (Depths:3)
  A human (D:14)
  A basilisk (shapeshifter) (D:15)
  2 wyverns
  A human (shapeshifter) (D:15)
  A chaos spawn (Depths:3)
  A golden eye (shapeshifter) (Depths:3)
  12 vampire mosquitoes
  Menkaure (D:6)
  12 wargs
  4 acid dragons
  9 soldier ants
  10 swamp worms
  13 water moccasins
  A floating eye (shapeshifter) (Depths:1)
  11 swamp drakes
  40 orc warriors
  A necrophage (D:8)
  4 ice beasts
  7 sky beasts
  2 black bears
  A phantom (D:4)
  A black bear (shapeshifter) (Depths:2)
  16 ogres
  21 wolves
  An eye of draining (D:15)
  5 boggarts (Depths:3)
  21 centaurs
  Blork the orc (D:6)
  A big kobold (D:12)
  14 bullfrogs
  2 elf zombies (Elf:1)
  3 gnoll sergeants (D:8)
  2 water moccasin zombies
  5 scorpions
  A wyvern skeleton (D:15)
  5 killer bees (D:9)
  7 wights
  A howler monkey (D:3)
  5 electric eels
  A crimson imp (Depths:2)
  A bullfrog zombie (D:5)
  11 hounds
  3 jellies
  4 gnoll shamans
  9 orc priests
  2 bullfrog skeletons
  19 orc wizards
  Crazy Yiuf (D:3)
  2 iguanas
  Ijyb (D:3)
  Natasha (thrice) (D:2)
  22 worker ants
  A worker ant zombie (D:7)
  35 gnolls
  7 adders
  A shadow imp (D:8)
  15 white imps
  4 ufetubi
  3 adder skeletons
  An adder zombie (D:8)
  A worm (D:2)
  2 dart slugs
  5 leopard geckos
  111 orcs
  3 ball pythons
  4 bats
  7 giant cockroaches
  14 goblins
  8 hobgoblins
  13 jackals
  7 quokkas
  3 frilled lizards
  14 kobolds
  A leopard gecko skeleton (D:5)
  2 quokka skeletons
  A quokka zombie (D:5)
  4 rats
1425 creatures vanquished.

Vanquished Creatures (collateral kills)
  A lich (Depths:4)
  3 frost giants
  A very ugly thing (Depths:1)
  2 ettins (Depths:2)
  2 ogre magi
  3 fire dragons
  A yaktaur captain (Depths:3)
  2 rakshasas
  A deep elf high priest (Depths:2)
  2 great orbs of eyes
  2 centaur warriors (Depths:2)
  A queen ant (D:10)
  A deep troll shaman (Depths:2)
  8 two-headed ogres
  2 hell knights
  A tengu zombie (Depths:2)
  A necromancer (Depths:4)
  2 ugly things (Depths:1)
  A fire giant skeleton (Depths:2)
  A salamander (Depths:2)
  A spriggan zombie (Depths:2)
  3 yaktaurs
  A hornet (Depths:3)
  A slime creature (Depths:3)
  A spriggan (Depths:3)
  3 water elementals
  A hell hound (Depths:2)
  A soldier ant (D:10)
  A sky beast (shapeshifter) (Depths:1)
  3 ogres (Depths:3)
  2 worker ants (D:10)
  An orc (D:6)
57 creatures vanquished.

Vanquished Creatures (others)
  A vampire knight (Depths:3)
  An ogre mage (Depths:1)
  A deep elf high priest (Elf:3)
  16 dancing weapons
  2 deep elf knights
  3 deep elf magi
  An ugly thing (D:15)
  A meliai (shapeshifter) (D:15)
  A bloated husk (Swamp:4)
  3 redbacks
  A swamp drake (Swamp:1)
  A centaur (D:14)
  2 briar patches (Swamp:1)
  A bush (Lair:6)
  26 foxfires
  40 fungi
  149 plants
  5 toadstools (D:8)
255 creatures vanquished.

Grand Total: 1737 creatures vanquished

Notes
Turn   | Place    | Note
-------+----------+-------------------------------------------
     0 | D:1      | Marmelada05 the Naga Wanderer began the quest for the Orb.
     0 | D:1      | Marmelada05 set off with the following items: a +0 club, a
                  | potion of curing, a scroll of teleportation, a +0 robe; and
                  | the following spell memorised: Magic Dart; and the
                  | following spells available to memorise: Blink, Call Imp,
                  | Slow, Conjure Flame, Mephitic Cloud
     0 | D:1      | Reached XP level 1. HP: 15/15 MP: 5/5
   341 | D:1      | Reached skill level 1 in Stealth
   350 | D:1      | Reached skill level 1 in Conjurations
   350 | D:1      | Reached XP level 2. HP: 22/22 MP: 1/7
  1099 | D:1      | Reached XP level 3. HP: 11/28 MP: 8/8
  1407 | D:2      | Reached skill level 2 in Stealth
  1683 | D:2      | Reached XP level 4. HP: 29/36 MP: 5/10
  1689 | D:2      | Reached skill level 3 in Stealth
  2306 | D:2      | Noticed Natasha
  2310 | D:2      | Killed Natasha
  2311 | D:2      | Reached XP level 5. HP: 42/42 MP: 7/11
  2507 | D:2      | Noticed Natasha
  2515 | D:2      | Killed Natasha
  2538 | D:2      | Noticed Natasha
  2542 | D:2      | Killed Natasha
  2700 | D:3      | Reached skill level 4 in Stealth
  2907 | D:3      | Found an iron altar of Okawaru.
  3247 | D:3      | Found a stormy altar of Qazlal.
  3310 | D:3      | Noticed Ijyb
  3323 | D:3      | Killed Ijyb
  3324 | D:3      | Reached XP level 6. HP: 11/49 MP: 3/13
  3864 | D:3      | Found a runed translucent door.
  3865 | D:3      | Noticed Crazy Yiuf
  4387 | D:4      | Noticed a phantom
  4561 | D:4      | Reached skill level 5 in Spellcasting
  4807 | D:4      | Reached skill level 5 in Stealth
  4949 | D:4      | Killed a phantom
  4950 | D:4      | Reached XP level 7. HP: 52/55 MP: 4/14
  5039 | D:4      | Reached skill level 5 in Conjurations
  5306 | D:3      | Killed Crazy Yiuf
  5403 | D:3      | Learned a level 2 spell: Call Imp
  5407 | D:3      | Learned a level 3 spell: Mephitic Cloud
  5410 | D:3      | Learned a level 2 spell: Blink
  5461 | D:5      | Entered Level 5 of the Dungeon
  5673 | D:4      | Reached skill level 6 in Stealth
  5955 | D:5      | Reached skill level 1 in Summonings
  6488 | D:5      | Found an opulent altar of Gozag.
  6497 | D:5      | Became a worshipper of Gozag Ym Sagoz the Greedy
  6584 | D:5      | Reached XP level 8. HP: 36/62 MP: 16/16
  7159 | D:6      | Noticed Menkaure
  7161 | D:6      | Killed Menkaure
  7427 | D:5      | Reached skill level 7 in Stealth
  8041 | D:6      | Noticed Blork the orc
  8055 | D:6      | Killed Blork the orc
  8141 | D:6      | Found a burning altar of Makhleb.
  8167 | D:6      | Reached skill level 1 in Fighting
  8347 | D:6      | Reached skill level 1 in Translocations
  8822 | D:7      | Found a staircase to the Ecumenical Temple.
  8832 | D:7      | Reached skill level 8 in Stealth
  8899 | D:7      | Reached XP level 9. HP: 73/73 MP: 13/18
  9136 | D:7      | Found an ornate altar of the Wu Jian Council.
 10003 | D:8      | Noticed a death yak
 10004 | D:8      | Noticed a death yak
 10004 | D:8      | Noticed a death yak
 10050 | D:8      | Found Nenihy's Distillery.
 10083 | D:8      | Reached skill level 9 in Stealth
 10091 | D:8      | Bought a potion of heal wounds for 60 gold pieces
 10091 | D:8      | Bought a potion of heal wounds for 60 gold pieces
 11040 | D:9      | Reached skill level 1 in Short Blades
 11463 | D:9      | Reached skill level 10 in Stealth
 11463 | D:9      | Reached XP level 10. HP: 74/85 MP: 20/20
 11628 | D:9      | Found an ancient bone altar of Kikubaaqudgha.
 11885 | D:10     | Entered Level 10 of the Dungeon
 11926 | D:10     | Noticed a queen ant
 12182 | D:10     | Killed a queen ant
 12425 | D:10     | Reached skill level 5 in Fighting
 13665 | D:10     | Reached skill level 11 in Stealth
 13823 | D:11     | Noticed an unseen horror
 13830 | D:11     | Killed an unseen horror
 13957 | D:11     | Reached skill level 5 in Shields
 14002 | D:11     | Found a staircase to the Orcish Mines.
 14016 | D:11     | Reached XP level 11. HP: 87/97 MP: 23/23
 14398 | D:11     | Reached skill level 12 in Stealth
 14490 | D:11     | Noticed a white ugly thing
 14517 | D:11     | Killed a white ugly thing
 14518 | D:11     | Reached skill level 1 in Poison Magic
 14951 | D:12     | Reached skill level 1 in Air Magic
 15618 | D:12     | Reached skill level 13 in Stealth
 15625 | D:12     | Noticed an unseen horror
 15625 | D:12     | Noticed an unseen horror
 16449 | D:13     | Found a flagged portal.
 16517 | Bailey   | Entered a bailey
 17202 | Bailey   | Noticed an orc knight
 17213 | Bailey   | Killed an orc knight
 17441 | Bailey   | Noticed an orc knight
 17445 | Bailey   | Killed an orc knight
 17446 | Bailey   | Reached XP level 12. HP: 111/111 MP: 24/24
 17740 | D:13     | Found Iczeh's Jewellery Boutique.
 17758 | D:13     | Reached skill level 14 in Stealth
 18714 | D:14     | Noticed a centaur warrior
 18721 | D:14     | Killed a centaur warrior
 18788 | D:14     | Noticed a centaur warrior
 18796 | D:14     | Killed a centaur warrior
 18874 | D:14     | Noticed a vault guard
 18977 | D:14     | Noticed a centaur warrior
 19008 | D:14     | Killed a centaur warrior
 19512 | D:14     | Reached skill level 15 in Stealth
 19702 | D:15     | Entered Level 15 of the Dungeon
 20028 | D:12     | Found the +27 Lear's hauberk
 20429 | D:8      | Found a staircase to the Lair.
 20460 | Lair:1   | Entered Level 1 of the Lair of Beasts
 20816 | Lair:1   | Gained mutation: You can use your snake-like lower body to
                  | constrict enemies. [Naga growth]
 20816 | Lair:1   | Reached XP level 13. HP: 99/122 MP: 11/25
 21480 | Lair:1   | Noticed Joseph
 21491 | Lair:1   | Killed Joseph
 21892 | Lair:2   | Reached skill level 10 in Fighting
 21995 | Lair:2   | Found a staircase to the Swamp.
 22206 | Lair:2   | Reached skill level 10 in Shields
 22853 | Lair:2   | Reached skill level 16 in Stealth
 23400 | Lair:3   | Found a frozen archway.
 23448 | IceCv    | Entered an ice cave
 24571 | IceCv    | Noticed a frost giant
 24595 | IceCv    | Killed a frost giant
 25411 | Lair:3   | Noticed Nergalle
 25418 | Lair:3   | Killed Nergalle
 25464 | Lair:3   | Found a hole to the Spider Nest.
 25554 | Lair:3   | Reached XP level 14. HP: 130/133 MP: 20/26
 26134 | Lair:3   | Reached skill level 17 in Stealth
 27434 | Lair:5   | You fall into a shaft and drop 1 floor!
 27434 | Lair:6   | Entered Level 6 of the Lair of Beasts
 28718 | Lair:5   | Noticed Urug
 28719 | Lair:5   | Noticed Snorg
 28953 | Lair:5   | Killed Snorg
 28954 | Lair:5   | Reached skill level 18 in Stealth
 29075 | Lair:6   | Killed Urug
 29284 | Lair:5   | Found a staircase to the Slime Pits.
 30781 | Lair:6   | Reached XP level 15. HP: 132/144 MP: 24/27
 32592 | Orc:1    | Entered Level 1 of the Orcish Mines
 32592 | Orc:1    | Found a runed translucent door.
 32592 | Orc:1    | Noticed raph's ghost (journeyman MiBe)
 33179 | Orc:2    | Entered Level 2 of the Orcish Mines
 33600 | Orc:2    | Found a roughly hewn altar of Beogh.
 33778 | Orc:2    | Found Sonon's Antique Weapon Boutique.
 33786 | Orc:2    | Reached skill level 19 in Stealth
 33838 | Orc:2    | Found Juid's Weapon Shoppe.
 34035 | Orc:2    | Found a staircase to the Elven Halls.
 34079 | Orc:2    | Noticed Josephine
 34093 | Orc:2    | Killed Josephine
 34344 | Orc:2    | Found Weoliudd's General Store.
 34347 | Orc:2    | Found Ogaxoa's Jewellery Boutique.
 34856 | Orc:2    | Bought the amulet "Feda" {Reflect rF+ Will+ Int+2 SH+5} for
                  | 753 gold pieces
 34890 | Elf:1    | Entered Level 1 of the Elven Halls
 35596 | Elf:1    | Found Ahuqot's Distillery.
 35871 | Elf:1    | Bought a potion of heal wounds for 50 gold pieces
 36170 | Elf:1    | Noticed a deep elf sorcerer
 36173 | Elf:1    | Killed a deep elf sorcerer
 36198 | Elf:1    | Found Wuowoatu's Book Shop.
 36198 | Elf:1    | Found Qonobumm's Book Boutique.
 36199 | Elf:1    | Found Imui's Weapon Boutique.
 36202 | Elf:1    | Found Domol's Antique Weapon Shop.
 36226 | Elf:1    | Learned a level 6 spell: Iron Shot
 37006 | Elf:1    | Identified the Reference Book on Sinister Magic
 37310 | Elf:2    | Reached skill level 1 in Earth Magic
 37342 | Elf:2    | Identified the amulet of Luja {Faith Dex+4}
 37359 | Elf:2    | Reached XP level 16. HP: 105/154 MP: 24/28
 39355 | Elf:2    | Reached skill level 20 in Stealth
 39360 | Elf:2    | Found a runed translucent gate.
 39360 | Elf:2    | Found a runed translucent gate.
 39361 | Elf:2    | Found a runed translucent gate.
 39442 | Elf:3    | Entered Level 3 of the Elven Halls
 39510 | Elf:3    | Noticed Saint Roka
 39519 | Elf:3    | Noticed a Brimstone Fiend
 40675 | Elf:3    | Found Soezip's Magic Scroll Shop.
 41028 | Elf:3    | Bought a scroll of blinking for 135 gold pieces
 41028 | Elf:3    | Bought a scroll of blinking for 135 gold pieces
 41028 | Elf:3    | Bought a scroll of teleportation for 54 gold pieces
 41028 | Elf:3    | Bought a scroll of teleportation for 54 gold pieces
 41028 | Elf:3    | Bought a scroll of teleportation for 54 gold pieces
 41416 | Elf:3    | Identified the +7 battleaxe of Sunlight {elec, Int+4}
 41893 | Elf:3    | Noticed a deep elf master archer
 41913 | Elf:2    | Killed a deep elf master archer
 42226 | Elf:3    | Noticed a deep elf master archer
 42230 | Elf:3    | Killed a deep elf master archer
 42239 | Elf:3    | Noticed a deep elf blademaster
 42303 | Elf:3    | Reached XP level 17. HP: 164/164 MP: 25/29
 42424 | Elf:3    | Identified the amulet "Efrif" {Spirit Stlth+}
 42629 | Elf:3    | Noticed a deep elf blademaster
 42696 | Elf:3    | Noticed a deep elf master archer
 42698 | Elf:3    | Noticed a deep elf blademaster
 42706 | Elf:3    | Killed a deep elf master archer
 42707 | Elf:3    | Reached skill level 10 in Conjurations
 43043 | Elf:3    | Reached skill level 15 in Shields
 43120 | Elf:2    | Reached skill level 5 in Earth Magic
 43130 | Elf:2    | Killed a deep elf blademaster
 43563 | Elf:3    | Killed a deep elf blademaster
 43971 | Elf:3    | Identified the +7 quarterstaff of Valiance {antimagic,
                  | +Rage}
 44323 | Elf:3    | Noticed an Ice Fiend
 45330 | Elf:3    | Reached skill level 21 in Stealth
 45399 | Elf:3    | Killed Saint Roka
 45716 | Elf:3    | Identified the Almanac of the Manifold Stories
 45742 | Elf:3    | Noticed a Hell Sentinel
 45751 | Elf:3    | Killed a deep elf blademaster
 46954 | D:14     | Found a gate to the Vaults.
 47763 | D:15     | Found a staircase to the Depths.
 47841 | D:15     | Found a hazy altar of Hepliaklqana.
 47842 | D:15     | Found a glowing silver altar of Zin.
 47842 | D:15     | Found a shadowy altar of Dithmenos.
 47899 | D:15     | Reached XP level 18. HP: 176/176 MP: 30/30
 48806 | Swamp:1  | Entered Level 1 of the Swamp
 49432 | Swamp:1  | Learned a level 7 spell: Orb of Destruction
 49438 | Swamp:1  | Learned a level 5 spell: Borgnjor's Vile Clutch
 49446 | Swamp:1  | Learned a level 7 spell: Spellforged Servitor
 49658 | Swamp:1  | Reached skill level 1 in Necromancy
 53778 | Swamp:4  | Entered Level 4 of the Swamp
 55048 | Swamp:4  | Reached skill level 22 in Stealth
 56575 | Swamp:4  | Reached XP level 19. HP: 184/184 MP: 1/32
 56897 | Swamp:4  | Reached skill level 10 in Spellcasting
 57254 | Swamp:4  | Reached skill level 15 in Fighting
 57897 | Swamp:4  | Got a decaying rune of Zot
 58251 | Spider:1 | Entered Level 1 of the Spider Nest
 58251 | Spider:1 | Noticed Rupert
 59003 | Spider:1 | Killed Rupert
 59158 | Spider:1 | Found a runed translucent door.
 60139 | Spider:1 | Noticed Noname's ghost (adept FoFi)
 60191 | Spider:2 | Got an ancient war axe
 60192 | Spider:2 | Identified the +8 war axe "Tattletale" {drain, *Contam +Fly
                  | rElec Will++} (You found it on level 2 of the Spider Nest)
 60925 | Spider:1 | Killed Noname's ghost
 61081 | Spider:1 | Identified a scroll of acquirement
 61253 | Spider:2 | Noticed Nikola
 61263 | Spider:2 | Killed Nikola
 62488 | Spider:2 | Reached skill level 5 in Summonings
 63313 | Spider:2 | Noticed Arachne
 63323 | Spider:2 | Killed Arachne
 64296 | Spider:3 | Reached XP level 20. HP: 150/195 MP: 9/35
 65242 | Spider:3 | Identified the +0 kite shield "Coifaqap" {rElec rC++ rCorr
                  | MP-9}
 65242 | Spider:3 | Noticed Asterion
 65714 | Spider:3 | Killed Asterion
 66014 | Spider:3 | Reached skill level 23 in Stealth
 67229 | Spider:4 | Entered Level 4 of the Spider Nest
 70095 | Depths:1 | Entered Level 1 of the Depths
 71821 | Depths:1 | Noticed a lich
 71918 | Depths:1 | Killed a lich
 72916 | Depths:1 | Reached XP level 21. HP: 185/206 MP: 30/37
 73254 | Depths:1 | HP: 9/206 [deep troll (17)]
 73893 | Depths:1 | Found a gateway to Hell.
 74357 | Depths:2 | Reached skill level 24 in Stealth
 74421 | Depths:2 | Found a one-way gate leading to the halls of Pandemonium.
 74452 | Depths:2 | Found a flickering gateway to a bazaar.
 74461 | Bazaar   | Entered a bazaar
 74461 | Bazaar   | Found Gohiops's Weapon Boutique.
 74461 | Bazaar   | Found Erodini's Weapon Shop.
 74461 | Bazaar   | Found Jaimo's Antique Armour Shop.
 74823 | Bazaar   | Bought a glowing cloak for 225 gold pieces
 74839 | Bazaar   | Bought a glowing hat for 210 gold pieces
 74863 | Bazaar   | Got a shimmering trident
 74864 | Bazaar   | Identified the +7 trident of Boump {flame, Str+4} (You
                  | found it in a bazaar)
 76012 | Depths:2 | Found Pixaozxe's Jewellery Shoppe.
 76019 | Depths:2 | Bought the ring of Gisenyta {rElec rPois rCorr} for 649
                  | gold pieces
 76332 | Depths:2 | Found Xaacihoa's Jewellery Boutique.
 76494 | Depths:2 | Bought the ring "Pojittyco" {rC+ AC+4} for 1150 gold pieces
 77824 | Depths:2 | Got a warped demon trident
 77833 | Depths:2 | Identified the +0 demon trident "Siafap" {venom, Int+4
                  | Dex+4} (You found it on level 2 of the Depths)
 77991 | Depths:2 | Acquired 581 gold pieces
 78204 | Depths:3 | Reached skill level 10 in Summonings
 79642 | Depths:3 | Noticed a juggernaut
 79816 | Depths:3 | Found a transporter.
 79842 | Depths:3 | Found a transporter.
 79882 | Depths:4 | Found a one-way gate to the infinite horrors of the Abyss.
 80344 | Depths:4 | Reached XP level 22. HP: 77/216 MP: 9/39
 80374 | Depths:4 | Hit by a large rock thrown by a stone giant

Illustrated notes

Levels and vault maps discovered:
D:1:      dpeg_arrival_yet_another_circle, layout_loops_ring
D:2:      layout_basic, minmay_indecisive_spiral, uniq_natasha
D:3:      layout_basic, overflow_temple_1_default,
          nicolae_qazlal_eye_of_the_storm, minmay_misc_feat_enclosed,
          serial_bayou_lake_a, uniq_ijyb, uniq_crazy_yiuf_cottage
D:4:      layout_loops_ring
D:5:      layout_loops_cross, grunt_gozag_statues
D:6:      layout_gridville, bloody_makhleb, serial_bayou_crossing,
          uniq_blork_the_orc, uniq_menkaure
D:7:      statuecave_lemuel, layout_cave_pools, nzn_wu_jian_council_hall,
          temple_fountains, nicolae_benzene_ring, minmay_door_square
D:8:      layout_cave_pools, dpeg_lair_monsters, serial_gnoll_camp,
          gnoll_camp_mini_shop, gnoll_camp_huts_moat, gnoll_camp_mini_doghouse,
          gnoll_camp_medium_02, gnoll_camp_mini_hut, nicolae_two_hexagons,
          minmay_gold_behind_fungi, chequers_serial_rivers_micro_e
D:9:      layout_rooms, lemuel_coloured_pillars_altar, tso_altar,
          kennysheep_generic_room_14
D:10:     layout_irregular_city, minivault_25, minmay_another_anthill
D:11:     layout_cave_pools, minmay_orc_entry_guard_dogs
D:12:     layout_basic, due_unseen_surprise
D:13:     layout_loops_ring, serial_shops, shop, enter_bailey_5
D:14:     layout_roguey, grunt_vaults_entry_fortified, hangedman_decor_opposing
D:15:     hangedman_slaughterboxes
Lair:1:   layout_gridlike, serial_rivers, chequers_serial_rivers_small_a,
          chequers_serial_rivers_marsh, chequers_serial_rivers_micro_b,
          chequers_serial_rivers_micro_a, chequers_serial_rivers_small_3,
          uniq_joseph
Lair:2:   wad_woods_structure_01, layout_loops_ring, swamp_mist_pool,
          nicolae_lair_grove_arrangements
Lair:3:   layout_cave_pods, nicolae_spider_entry_tight_spaces,
          gauntlet_entry_generic, portal_ice_cave_entry_imps, uniq_nergalle
Lair:4:   layout_regular_city
Lair:5:   layout_hall_layers, minmay_slime_entry_oklob_open,
          minmay_shattered_shrine, serial_bayou_shore_b, uniq_urug, uniq_snorg
Lair:6:   due_jungle_book, layout_loops_ring, st_stairs_9, serial_bayou_pond_a,
          lemuel_fruit_tree, grunt_megastairs_5, minmay_lair_oklob_chamber
Swamp:1:  layout_basic_swamp, infiniplex_staircase_pool
Swamp:2:  layout_falls_marsh, nicolae_swamp_dense_foliage
Swamp:3:  layout_falls_marsh, nicolae_swamp_stair_fork
Swamp:4:  swamp_basic_johnstein, layout_basic_swamp, swamp_pool4
Spider:1: layout_spider_delve, ebering_ghost_reflecting_pool, uniq_rupert
Spider:2: layout_spider_delve, nicolae_spider_nook, nicolae_spider_cling_halls,
          hangedman_spider_tarantella_strand, uniq_arachne, uniq_nikola
Spider:3: layout_spider_delve, nicolae_arachne_temple, uniq_asterion
Spider:4: guppyfry_spider_rune
Orc:1:    layout_caves, ebering_ghost_reflecting_pool
Orc:2:    st_orc_town, layout_diamond_mine, mines2_lemuel, uniq_josephine
Elf:1:    minmay_elf_arrival_plus, layout_geoelf_diagonals, serial_shops,
          nicolae_shop_temple_entry_statues_fountains,
          portal_desolation_entry_nicolae_slug, minmay_elf_necromancy,
          grunt_megastairs_3, minmay_shoptagon
Elf:2:    layout_geoelf_grid, uniq_aizul
Elf:3:    nooodl_elf_gasket, layout_loops_cross, serial_shops, shop,
          uniq_saint_roka
Depths:1: layout_roguey, serial_bayou, serial_bayou_pond_d, serial_bayou_ford_a,
          serial_bayou_pond_a, serial_bayou_pond_d, minmay_misc_feat_tower,
          hangedman_tar_grid_catacomb, chequers_serial_rivers_small_b,
          serial_bayou_pond_c, minmay_mirror_moons_of_madness
Depths:2: evilmike_horseshoe, layout_cave_shapes, pan_entry, hellmouth_1,
          roderic_serpentine_path, serial_shops, bzr_in_the_mist,
          kennysheep_little_box, shop, serial_bayou_shore_a
Depths:3: emtedronai_trogs_sanctum, layout_cave_shapes, rand_demon_pan_entry_4,
          pf_coc_iceberg, hangedman_decor_clover_reticule
Depths:4: minmay_the_grid_3x3 [minmay_the_grid_outer_circle,
          minmay_the_grid_square_x, minmay_the_grid_aliased_spiral,
          minmay_the_grid_tiny_cups, minmay_the_grid_outer_diamond,
          minmay_the_grid_holed_spiral, minmay_the_grid_fan,
          minmay_the_grid_rooms, minmay_the_grid_prize_shrinking_boxes],
          layout_gridville, hell_entry, abyss_entry_glasseish

Skill      XL: |  1  2  3  4  5  6  7  8  9 10 11 12 13 14 15 16 17 18 19 20 21 |
---------------+----------------------------------------------------------------+-----
Stealth        | 1 2 3 4 5 6 8 10 11 13 15 16 18 19 20 21 22 23 24 | 24.6
Conjurations   | 1 2 3 4 5 7 9 11 12 13 14 | 14.0
Spellcasting   | 5 6 7 8 9 11 12 13 | 13.5
Summonings     | 1 2 5 8 10 | 10.0
Fighting       | 2 4 6 8 9 10 12 13 14 15 16 | 16.9
Translocations | 1 2 |  2.0
Shields        | 2 3 5 7 9 11 12 14 15 | 15.0
Short Blades   | 2 4 |  4.0
Poison Magic   | 2 |  2.0
Air Magic      | 1 |  1.0
Earth Magic    | 1 4 6 8 |  8.0
Necromancy     | 3 |  3.0
Armour         | 4 |  4.5
Bows           | |  1.7
Ice Magic      | |  1.0

Action                   |  1- 3 |  4- 6 |  7- 9 | 10-12 | 13-15 | 16-18 | 19-21 | 22-24 || total
-------------------------+-------+-------+-------+-------+-------+-------+-------+-------++-------
Melee: Club              |    56 |    27 |       |       |       |       |       |       ||    83
       Dagger            |       |    13 |   344 |   775 |  1663 |  1287 |  1283 |     6 ||  5371
       Mace              |       |     6 |       |       |       |       |       |       ||     6
       Constrict         |       |       |       |       |   258 |   160 |   138 |     1 ||   557
 Cast: Magic Dart        |    48 |   133 |   131 |   190 |   118 |   115 |    59 |       ||   794
       Mephitic Cloud    |       |       |    19 |    42 |    50 |    65 |       |       ||   176
       Call Imp          |       |       |     9 |     3 |     6 |     3 |       |       ||    21
       Blink             |       |       |       |       |     2 |     7 |    24 |       ||    33
       Iron Shot         |       |       |       |       |       |   112 |   187 |     1 ||   300
       Borgnjor's Vile C |       |       |       |       |       |    33 |   198 |       ||   231
       Orb of Destructio |       |       |       |       |       |     2 |    17 |       ||    19
       Spellforged Servi |       |       |       |       |       |       |    26 |       ||    26
Invok: Potion Petition   |       |       |       |     1 |       |     1 |     1 |       ||     3
 Abil: Spit Poison       |    11 |    19 |    22 |    30 |    15 |     6 |     5 |       ||   108
Evoke: Wand              |       |       |     8 |    12 |    27 |    33 |    12 |       ||    92
  Use: Scroll            |     1 |       |     8 |    10 |    10 |    11 |    15 |     1 ||    56
       Potion            |       |     2 |       |     1 |     2 |     4 |     9 |       ||    18
 Stab: Sleeping          |     2 |     2 |    12 |    14 |    52 |    22 |    38 |       ||   142
       Confused          |       |       |     4 |    30 |    49 |    33 |       |       ||   116
       Distracted        |       |       |     1 |     5 |    14 |     8 |    17 |       ||    45
       Petrified         |       |       |       |       |     1 |       |       |       ||     1
       Invisible         |       |       |       |       |       |     2 |       |       ||     2
       Paralysed         |       |       |       |       |       |       |     1 |       ||     1
Armor: Robe              |    13 |    15 |   157 |   289 |       |   210 |   678 |     3 ||  1365
       Steam dragon scal |       |       |       |    65 |   584 |       |       |       ||   649
       Scale mail        |       |       |       |       |    72 |   232 |       |       ||   304
Dodge: Dodged            |    39 |    51 |   169 |   156 |   201 |   136 |   269 |       ||  1021
Block: Other             |       |       |    26 |    61 |       |       |       |       ||    87
       Kite shield       |       |       |       |   377 |   139 |       |       |       ||   516
       Reflection        |       |       |       |    21 |    93 |    81 |    71 |     3 ||   269
       Tower shield      |       |       |       |       |  1673 |  1395 |  2012 |    10 ||  5090

Table legend: (Time is in decaauts)
 A = Elapsed time spent in this place.
 B = Non-inter-level travel time spent in this place.
 C = Inter-level travel time spent in this place.
 D = Time resting spent in this place.
 E = Time spent auto-exploring this place.
 F = Levels seen in this place.
 G = Mean time per level.
                   A        B        C        D        E       F      G
               +--------+--------+--------+--------+--------+-----+--------+
         Total |  91938 |  87555 |   4383 |  32154 |  37432 |  41 | 2242.4 |
       Dungeon |  30252 |  28086 |   2166 |   7963 |  14198 |  15 | 2016.8 |
          Lair |  12769 |  11997 |    772 |   2420 |   6719 |   6 | 2128.2 |
         Swamp |  10701 |  10278 |    423 |   5239 |   3570 |   4 | 2675.2 |
   Spider Nest |   9043 |   8892 |    151 |   4107 |   3107 |   4 | 2260.8 |
  Orcish Mines |   3420 |   3153 |    267 |    370 |   2016 |   2 | 1710.0 |
   Elven Halls |  11702 |  11459 |    243 |   6400 |   2528 |   3 | 3900.7 |
        Depths |  10775 |  10418 |    357 |   3889 |   4692 |   4 | 2693.8 |
        Bazaar |    409 |    409 |      0 |    339 |     12 |   1 |  409.0 |
        Bailey |   1087 |   1087 |      0 |    464 |    328 |   1 | 1087.0 |
      Ice Cave |   1776 |   1776 |      0 |    959 |    258 |   1 | 1776.0 |
               +--------+--------+--------+--------+--------+-----+--------+

Top non-repeatable levels by time:
   Elf:3: 4872 daAuts
Depths:2: 4460 daAuts
Depths:1: 4348 daAuts
    D:15: 4258 daAuts
   Elf:2: 3867 daAuts
 Swamp:3: 3841 daAuts
Spider:3: 3702 daAuts
  Lair:6: 3320 daAuts
Spider:2: 3311 daAuts
   Elf:1: 2962 daAuts
 Swamp:4: 2868 daAuts
    D:14: 2842 daAuts
  Lair:3: 2802 daAuts
   Orc:2: 2646 daAuts
     D:8: 2410 daAuts
